[Event "*** Titled Tuesday Blitz"]
[Site "Chess.com"]
[Date "2021.03.02"]
[Round "6"]
[White "SHIVACalypso"]
[Black "zim0ne"]
[Result "0-1"]
[WhiteElo "2345"]
[BlackElo "2518"]
[TimeControl "180+1"]
[EndTime "11:02:08 PST"]
[Termination "zim0ne won by resignation"]

1. Nf3 d5 2. c4 d4 3. e3 Nc6 4. exd4 Nxd4 5. Nxd4 Qxd4 6. Nc3 e5 7. Nb5 Qd8 8. d3 c6 9. Nc3 Nf6 10. Be3 Ng4 11.
Qd2 Nxe3 12. fxe3 Bc5 13. O-O-O O-O 14. Be2 Bf5 15. Rhf1 Bg6 16. d4 exd4 17. exd4 Be7 18. Bd3 Bg5 19. Rf4 Bxd3 0-1

[Event "*** Titled Tuesday Blitz"]
[Site "Chess.com"]
[Date "2021.03.02"]
[Round "6"]
[White "KRSilva"]
[Black "lucasmito"]
[Result "0-1"]
[WhiteElo "2218"]
[BlackElo "2502"]
[TimeControl "180+1"]
[EndTime "11:02:15 PST"]
[Termination "lucasmito won by resignation"]

1. e4 e5 2. Nf3 Nc6 3. Bc4 Nf6 4.
d3 Bc5 5. c3 d6 6. Bb3 a6 7.
O-O Ba7 8. h3 h6 9. Re1 g5 10.
Nh2 Rg8 11. Ng4 h5 12. Nxf6+ Qxf6 13. Qxh5 Bxf2+ 14. Kh2 Bxe1 15. Na3 g4 16. Be3 g3+ 17. Kh1 Bf2 18. Rf1 Be6 19. Bxe6 Qxe6 20. Bxf2 gxf2 21.
Rxf2 O-O-O 22. Nc4 Rg3 23. Ne3 Rxe3 0-1

[Event "*** Titled Tuesday Blitz"]
[Site "Chess.com"]
[Date "2021.03.02"]
[Round "6"]
[White "enriquebutti"]
[Black "kai_nov"]
[Result "0-1"]
[WhiteElo "2173"]
[BlackElo "2386"]
[TimeControl "180+1"]
[EndTime "11:02:17 PST"]
[Termination "kai_nov won by resignation"]

1. d4 d5 2. c4 e6 3. Nf3 c6 4. e3 Nf6 5. Bd3 Nbd7 6. O-O Bd6 7. Nc3 dxc4 8. Bxc4 b5 9. Bd3 O-O 10. e4 e5 11. d5 cxd5 12. exd5 b4 13. Nb5 Bc5 14.
Bc4 a6 0-1

[Event "*** Titled Tuesday Blitz"]
[Site "Chess.com"]
[Date "2021.03.02"]
[Round "6"]
[White "Angel_Hranitel_37"]
[Black "saikrishnaReturns"]
[Result "0-1"]
[WhiteElo "2501"]
[BlackElo "2653"]
[TimeControl "180+1"]
[EndTime "11:02:45 PST"]
[Termination "saikrishnaReturns won by resignation"]

1. d4 Nf6 2. Bg5 c5 3. d5 Ne4 4.
Be3 Qb6 5. Qc1 g6 6. f3 Bg7 7. c3 Nf6 8. Qd2 Nxd5 9. Qxd5 Qxb2 10. Qxc5 Na6 11. Qa3 Qxa1 12. Qc1 Qxa2 13. Nh3 d5 14. Kf2 O-O 15. Bd4 e5 16. Be3 d4 17. Bh6 Nc5 18. Bxg7 Nd3+ 0-1

[Event "*** Titled Tuesday Blitz"]
[Site "Chess.com"]
[Date "2021.03.02"]
[Round "6"]
[White "Misha_Bilous"]
[Black "Gabrielian_Artur"]
[Result "0-1"]
[WhiteElo "2554"]
[BlackElo "2794"]
[TimeControl "180+1"]
[EndTime "11:02:46 PST"]
[Termination "Gabrielian_Artur won by resignation"]

1. d4 Nf6 2. c4 c5 3. d5 e6 4. Nc3 exd5 5. cxd5 d6 6. Nf3 g6 7. g3 Bg7 8. Bg2 O-O 9. O-O Re8 10. Nd2 Nbd7 11. h3 a6 12. a4 Rb8 13. Nc4 Nb6 14.
Na3 Bd7 15. a5 Nc8 16. Nc4 Bb5 17. Qb3 Bxc4 18. Qxc4 b5 19. axb6 Nxb6 20. Qd3 Nfd7 21. Rxa6 c4 22. Qd1 Nc5 23. Ra7 Nbd7 24. Qa4 Nxa4 0-1

[Event "*** Titled Tuesday Blitz"]
[Site "Chess.com"]
[Date "2021.03.02"]
[Round "6"]
[White "kuban1991"]
[Black "anon219"]
[Result "1-0"]
[WhiteElo "2961"]
[BlackElo "2855"]
[TimeControl "180+1"]
[EndTime "11:03:02 PST"]
[Termination "kuban1991 won by resignation"]

1. Nf3 d5 2. g3 Nf6 3. Bg2 c5 4.
O-O e6 5. d3 Nc6 6. Nbd2 Be7 7.
e4 O-O 8. e5 Nd7 9. Re1 Qc7 10.
Qe2 b6 11. h4 Bb7 12. h5 h6 13. Nf1 Rfc8 14. Bf4 a5 15. Ne3 Qd8 16. c4 Nd4 17.
Nxd4 cxd4 18. Ng4 Nc5 19. Rad1 dxc4 20. Bxb7 cxd3 21. Qf3 Nxb7 22. Qxb7 1-0

[Event "*** Titled Tuesday Blitz"]
[Site "Chess.com"]
[Date "2021.03.02"]
[Round "6"]
[White "Ze-Pequeno"]
[Black "zverr1"]
[Result "0-1"]
[WhiteElo "2213"]
[BlackElo "2462"]
[TimeControl "180+1"]
[EndTime "11:03:02 PST"]
[Termination "zverr1 won by resignation"]

1. e4 d5 2. exd5 c6 3. d4 cxd5 4. Nf3 Bg4 5. Bd3 Nc6 6. c3 e6 7. Nbd2 Nf6 8. O-O Bd6 9. h3 Bh5 10. Be2 O-O 11. Re1 Qc7 12. Nf1 a6 13. Bg5 Ne4 14.
Be3 b5 15. N3d2 Bxe2 16. Qxe2 Nxd2 17. Nxd2 Na5 18. Rad1 Rab8 19. a3 Rfc8 20. Nf3 h6 21. Bc1 Nb3 22. Be3 Na5 23. Bc1 Nc6 24. Ne5 Bxe5 25.
dxe5 a5 26. Rd3 Ne7 27. Rg3 Nf5 28. Rg4 b4 29. axb4 axb4 30. cxb4 Qc2 31. Qf3 Rc4 32. b3 Rcxb4 33. Rxb4 Rxb4 0-1

[Event "*** Titled Tuesday Blitz"]
[Site "Chess.com"]
[Date "2021.03.02"]
[Round "6"]
[White "Maddie"]
[Black "Bongcloudtransvestit"]
[Result "0-1"]
[WhiteElo "2077"]
[BlackElo "2299"]
[TimeControl "180+1"]
[EndTime "11:03:04 PST"]
[Termination "Bongcloudtransvestit won by resignation"]

1. d4 Nf6 2. e3 b6 3. f4 Bb7 4. Nf3 d6 5. Bd3 Nbd7 6. O-O g6 7. c3 Bg7 8. Nbd2 O-O 9. e4 e5 10. fxe5 dxe5 11. d5 c6 12. dxc6 Bxc6 13. Qe2 Nh5 14. Ng5 Nf4 15. Qe3 Qxg5 16. Rf2 Nc5 17. Bc2 Rad8 18.
Nf3 Nh3+ 19. Kf1 Qxe3 20. Bxe3 Nxf2 21. Bxf2 0-1

[Event "*** Titled Tuesday Blitz"]
[Site "Chess.com"]
[Date "2021.03.02"]
[Round "6"]
[White "Artem_Koval"]
[Black "zeitnot2006"]
[Result "0-1"]
[WhiteElo "2216"]
[BlackElo "2504"]
[TimeControl "180+1"]
[EndTime "11:03:12 PST"]
[Termination "zeitnot2006 won by resignation"]

1. d4 d6 2. e4 c6 3. Nc3 g6 4. Nf3 Bg7 5. Be3 Nf6 6. Qd2 h6 7. Bd3 Qc7 8. O-O-O Ng4 9. Bf4 e5 10. dxe5 dxe5 11. Bg3 h5 12. h3 Bh6 13. Ng5 f6 14. f4 fxg5 15. hxg4 gxf4 16. g5 Bxg5 17. Bf2 Bg4 18. Rdg1 Qe7 19. Kb1 Nd7 20. Be2 f3 0-1

[Event "*** Titled Tuesday Blitz"]
[Site "Chess.com"]
[Date "2021.03.02"]
[Round "6"]
[White "heyjohnnypark"]
[Black "JoliyRoger"]
[Result "1-0"]
[WhiteElo "2614"]
[BlackElo "2470"]
[TimeControl "180+1"]
[EndTime "11:03:16 PST"]
[Termination "heyjohnnypark won by resignation"]

1. d4 Nf6 2. Nf3 e6 3. e3 c5 4. Bd3 d5 5. c3 Nbd7 6. Nbd2 Bd6 7. O-O O-O 8. Re1 Qc7 9. e4 cxd4 10. cxd4 dxe4 11.
Nxe4 Nxe4 12. Rxe4 Nf6 13. Rh4 Be7 14. Bg5 h6 15. Bxh6 gxh6 16. Qd2 h5 17. Qg5+ Kh8 18.
Rxh5+ Nxh5 19. Qh6+ 1-0

[Event "*** Titled Tuesday Blitz"]
[Site "Chess.com"]
[Date "2021.03.02"]
[Round "6"]
[White "baki83"]
[Black "DenishevM"]
[Result "1-0"]
[WhiteElo "2818"]
[BlackElo "2629"]
[TimeControl "180+1"]
[EndTime "11:03:20 PST"]
[Termination "baki83 won by resignation"]

1. e4 c5 2. Nf3 d6 3. d4 cxd4 4.
Nxd4 Nf6 5. Nc3 a6 6. Bc4 e6 7. Bb3 b5 8. Qe2 Qc7 9. Bg5 Be7 10. O-O-O O-O 11. f4 Bb7 12. Bxe6 fxe6 13. Nxe6 Qc4 14. Qxc4 bxc4 15. e5 dxe5 16. fxe5 Ng4 17. Bxe7 Re8 18.
Nc7 Rxe7 19. Rd8+ Kf7 20. Rf1+ Kg6 21. Nxa8 1-0

[Event "*** Titled Tuesday Blitz"]
[Site "Chess.com"]
[Date "2021.03.02"]
[Round "6"]
[White "PrinceMurad09"]
[Black "Mazetovic"]
[Result "1-0"]
[WhiteElo "2540"]
[BlackElo "2702"]
[TimeControl "180+1"]
[EndTime "11:03:32 PST"]
[Termination "PrinceMurad09 won by resignation"]

1. e4 c5 2. Nf3 Nc6 3. d4 cxd4 4. Nxd4 g6 5. Nc3 Bg7 6. Be3 Nf6 7. Bc4 Qa5 8. O-O O-O 9. Bb3 d6 10. h3 Bd7 11.
Re1 Rfc8 12. Nxc6 Bxc6 13. Bd4 e5 14. Be3 Nxe4 15. Nxe4 Bxe4 16. Bd2 Bxc2 17. Bxa5 Bxd1 18. Rexd1 Bf8 19. Bb4 Rc6 20. Rac1 Rd8 21. Bd5 Rcc8 22. Bxb7 Rb8 23. Rc7 d5 24. Bxf8 Kxf8 25. Bxd5 1-0

[Event "*** Titled Tuesday Blitz"]
[Site "Chess.com"]
[Date "2021.03.02"]
[Round "6"]
[White "AttackSparrow"]
[Black "Blitzking642"]
[Result "1-0"]
[WhiteElo "2547"]
[BlackElo "2367"]
[TimeControl "180+1"]
[EndTime "11:03:35 PST"]
[Termination "AttackSparrow won by checkmate"]

1. e4 c5 2. c3 Nf6 3. e5 Nd5 4. d4 cxd4 5. Nf3 Nc6 6. cxd4 d6 7.
Bc4 Nb6 8. Bb5 Bd7 9. Nc3 dxe5 10. dxe5 a6 11. Bd3 Bg4 12. Bf4 Nd4 13. O-O Nxf3+ 14. gxf3 Bh3 15. e6 Bxe6 16. Re1 g5 17. Be5 f6 18. Bxf6 exf6 19. Rxe6+ Kf7 20. Qb3 Qxd3 21. Rxb6+ Kg6 22. Rxf6+ Kh5 23. Qe6 Kh4 24. Qg4# 1-0

[Event "*** Titled Tuesday Blitz"]
[Site "Chess.com"]
[Date "2021.03.02"]
[Round "6"]
[White "Legendinunknown"]
[Black "mjray79"]
[Result "1-0"]
[WhiteElo "2615"]
[BlackElo "2471"]
[TimeControl "180+1"]
[EndTime "11:03:38 PST"]
[Termination "Legendinunknown won by resignation"]

1. d4 Nf6 2. c4 g6 3. Nc3 Bg7 4. e4 d6 5. Nf3 O-O 6. Be2 e5 7. d5 a5 8. Bg5 Na6 9. Nd2 Nc5 10. Qc2 Bd7 11. O-O-O h6 12. Be3 Nh7 13. g4 f5 14.
gxf5 gxf5 15. Rhg1 f4 16. Bxc5 dxc5 17. Bg4 Nf6 18.
Bxd7 Qxd7 19. Nf3 Qe7 20. Rg6 Kh7 21. Rdg1 Rg8 22. Nh4 Nh5 23. Nf5 Qf7 24. Qd1 Ng3 25. Rxg7+ Rxg7 26. Nxg7 Nh5 27. Qxh5 1-0

[Event "*** Titled Tuesday Blitz"]
[Site "Chess.com"]
[Date "2021.03.02"]
[Round "6"]
[White "Vugar_Manafov"]
[Black "GigaQuparadze"]
[Result "0-1"]
[WhiteElo "2628"]
[BlackElo "2958"]
[TimeControl "180+1"]
[EndTime "11:03:51 PST"]
[Termination "GigaQuparadze won by resignation"]

1. Nf3 c5 2. g3 Nc6 3. Bg2 g6 4. O-O Bg7 5. d3 d5 6. Nc3 e6 7. e4 Nge7 8. Bf4 d4 9. Ne2 e5 10. Bd2 O-O 11. Ne1 f5 12. f4 fxe4 13. Bxe4 Bf5 14.
Bg2 Qd7 15. Nf3 e4 16. dxe4 Bxe4 17. Kh1 Nf5 18. Nc1 c4 19. Re1 Bd5 20. a4 Rae8 21.
Na2 a5 22. g4 Nh6 23. h3 Qd6 24. Rxe8 Rxe8 25. Qf1 Nf7 26. Nc1 d3 27. cxd3 Bxb2 28. dxc4 Bxf3 29. Bxf3 Qxd2 30. Nb3 Qc3 31. Re1 Qxe1 0-1

[Event "*** Titled Tuesday Blitz"]
[Site "Chess.com"]
[Date "2021.03.02"]
[Round "6"]
[White "Aisen1011"]
[Black "mhebden"]
[Result "0-1"]
[WhiteElo "2234"]
[BlackElo "2549"]
[TimeControl "180+1"]
[EndTime "11:03:53 PST"]
[Termination "mhebden won by resignation"]

1. d4 Nf6 2. c4 g6 3. Nf3 Bg7 4.
Nc3 O-O 5. e4 d6 6. Be2 e5 7. d5 Na6 8. Bg5 h6 9. Bh4 g5 10. Bg3 Nh5 11. h4 Nf4 12. O-O f5 13. hxg5 hxg5 14. a3 Nxe2+ 15. Qxe2 f4 16. Bh2 g4 17.
Ne1 Qg5 18. g3 f3 19. Qc2 Rf6 20. Nxf3 gxf3 21. g4 Qxg4+ 22. Bg3 Qh3 0-1

[Event "*** Titled Tuesday Blitz"]
[Site "Chess.com"]
[Date "2021.03.02"]
[Round "6"]
[White "XanoushX_X"]
[Black "Sjakkerntobi"]
[Result "0-1"]
[WhiteElo "2481"]
[BlackElo "2343"]
[TimeControl "180+1"]
[EndTime "11:03:56 PST"]
[Termination "Sjakkerntobi won by resignation"]

1. d4 e6 2. c4 Nf6 3. Nc3 c5 4. d5 exd5 5. cxd5 d6 6. e4 g6 7. f4 Bg7 8. Bb5+ Nfd7 9. Be2 O-O 10. Nf3 Na6 11. O-O Re8 12. f5 Ne5 13. Nxe5 Bxe5 14.
Bh6 Qh4 15. h3 Qxh6 16. Nb5 Bd7 17. a4 Rad8 18. Bg4 Nb4 19. Nc7 Rf8 20. fxg6 hxg6 21. Bxd7 Rxd7 22. Nb5 Qe3+ 23. Kh1 Nd3 24. Qf3 Qxf3 25.
Rxf3 Nxb2 26. Nxa7 Ra8 27. Nb5 Rxa4 28. Rxa4 Nxa4 29.
Ra3 Nb6 30. Ra7 c4 31. Kg1 c3 32. Ra2 Nc4 33. Kf1 c2 0-1

[Event "*** Titled Tuesday Blitz"]
[Site "Chess.com"]
[Date "2021.03.02"]
[Round "6"]
[White "chesslh19"]
[Black "Zeeduin"]
[Result "0-1"]
[WhiteElo "2237"]
[BlackElo "2902"]
[TimeControl "180+1"]
[EndTime "11:04:00 PST"]
[Termination "Zeeduin won by resignation"]

1. e4 e5 2. Nf3 Nc6 3. Bb5 f5 4. Nc3 fxe4 5. Nxe4 d5 6. Nxe5 dxe4 7. Nxc6 Qd5 8. c4 Qd6 9. Nxa7+ Bd7 10. Bxd7+ Qxd7 11.
Nb5 Nf6 12. Nc3 Bc5 13. O-O O-O 14. Qc2 Rae8 15. a3 Ng4 16. Nxe4 Nxf2 17. Nxf2 Rxf2 18. b4 Rxf1+ 19. Kxf1 Qf7+ 0-1

[Event "*** Titled Tuesday Blitz"]
[Site "Chess.com"]
[Date "2021.03.02"]
[Round "6"]
[White "mr65"]
[Black "Chernov_Alexander_A"]
[Result "0-1"]
[WhiteElo "2087"]
[BlackElo "2281"]
[TimeControl "180+1"]
[EndTime "11:04:00 PST"]
[Termination "Chernov_Alexander_A won by resignation"]

1. e4 e5 2. Nf3 Nc6 3. Bb5 Bc5 4. O-O Nd4 5. Nxd4 Bxd4 6. c3 Bb6 7. d4 c6 8. Ba4 d6 9. dxe5 dxe5 10. Qxd8+ Bxd8 11.
Be3 Bb6 12. Re1 Nf6 13. Nd2 Be6 14. Bb3 Ke7 15. Bxe6 Kxe6 16. Bxb6 axb6 17. f3 Rhd8 18. Nf1 b5 19. a3 g6 20. Rad1 Nd7 21. Kf2 Nc5 22. Ke2 Na4 23. Rxd8 Rxd8 24. Rb1 f5 25. exf5+ gxf5 26. Ne3 h5 27. c4 f4 28. Nf1 bxc4 29.
Nd2 c3 30. Ne4 cxb2 31. Ke1 c5 32. Ke2 c4 0-1

[Event "*** Titled Tuesday Blitz"]
[Site "Chess.com"]
[Date "2021.03.02"]
[Round "6"]
[White "McCarthyStone"]
[Black "azikom"]
[Result "1-0"]
[WhiteElo "2453"]
[BlackElo "2658"]
[TimeControl "180+1"]
[EndTime "11:04:02 PST"]
[Termination "McCarthyStone won on time"]

1. e4 c5 2. Ne2 d6 3. g3 Nf6 4. Bg2 g6 5. c3 Bg7 6. d4 O-O 7. h3 Nc6 8. Be3 Qb6 9. b3 cxd4 10. cxd4 Qa5+ 11. Nbc3 Bd7 12. O-O Rac8 13. Rc1 1-0

[Event "*** Titled Tuesday Blitz"]
[Site "Chess.com"]
[Date "2021.03.02"]
[Round "6"]
[White "Leo_C"]
[Black "gumimis"]
[Result "1-0"]
[WhiteElo "2431"]
[BlackElo "2294"]
[TimeControl "180+1"]
[EndTime "11:04:06 PST"]
[Termination "Leo_C won by checkmate"]

1. d4 Nf6 2. c4 c5 3. d5 b5 4. cxb5 a6 5. e3 axb5 6. Bxb5 Qa5+ 7. Nc3 g6 8. Nf3 Bg7 9. O-O O-O 10. Bd2 Bb7 11. a4 Qb4 12. Qc2 Qg4 13. h3 Qh5 14.
e4 Na6 15. Ne2 e6 16. Ng3 exd5 17. Nxh5 Nxh5 18. exd5 Bxd5 19. Bxa6 Bxf3 20. gxf3 Rxa6 21. Bc3 Rc6 22. Bxg7 Nxg7 23. a5 d5 24. b4 c4 25.
b5 Rcc8 26. a6 d4 27. b6 d3 28. Qc3 Nf5 29. b7 Rc7 30. a7 Rxb7 31. a8=Q Rxa8 32.
Rxa8+ Rb8 33. Rxb8# 1-0

[Event "*** Titled Tuesday Blitz"]
[Site "Chess.com"]
[Date "2021.03.02"]
[Round "6"]
[White "niki_2003"]
[Black "Fiona"]
[Result "0-1"]
[WhiteElo "2010"]
[BlackElo "2262"]
[TimeControl "180+1"]
[EndTime "11:04:11 PST"]
[Termination "Fiona won by checkmate"]

1. e4 e5 2. Nf3 Nc6 3. Bc4 Bc5 4. c3 Nf6 5. d3 d6 6. Nbd2 a6 7. Bb3 Be6 8. Bc2 Ba7 9. h3 O-O 10. O-O d5 11. Re1 dxe4 12. Nxe4 Nxe4 13. Rxe4 Bf5 14.
Re2 Re8 15. Be3 Qf6 16. Qd2 Bxh3 17. Bg5 Qf5 18. d4 Qg4 19. Ne1 exd4 20. f3 Rxe2 21.
Qxe2 Qxg5 22. g4 d3+ 23. Qf2 Bxf2+ 24. Kxf2 dxc2 25. Nxc2 Bxg4 26. Rg1 Qd2+ 27. Kg3 Qxc2 28. Kxg4 Qg6+ 29. Kf4 Qxg1 30. Ke4 Re8+ 31. Kd5 Qg5+ 32.
Kc4 Qb5# 0-1

[Event "*** Titled Tuesday Blitz"]
[Site "Chess.com"]
[Date "2021.03.02"]
[Round "6"]
[White "Michaelson_11"]
[Black "Kislov_Oleg"]
[Result "0-1"]
[WhiteElo "2267"]
[BlackElo "2489"]
[TimeControl "180+1"]
[EndTime "11:04:14 PST"]
[Termination "Kislov_Oleg won by resignation"]

1. e4 e6 2. d4 d5 3. Nd2 Nf6 4. e5 Nfd7 5. Bd3 c5 6. c3 Nc6 7. Ne2 cxd4 8. cxd4 f6 9. exf6 Nxf6 10. Nf3 Bd6 11. O-O O-O 12. Bf4 Bxf4 13. Nxf4 Qd6 14. g3 e5 15. dxe5 Nxe5 16. Nxe5 Qxe5 17. Re1 Qd6 18.
Qb3 b6 19. Nxd5 Nxd5 20. Bc4 Bb7 21. Rad1 Rad8 22. Rxd5 Bxd5 23. Rd1 Rf5 24. g4 Rg5 0-1

[Event "*** Titled Tuesday Blitz"]
[Site "Chess.com"]
[Date "2021.03.02"]
[Round "6"]
[White "MergenKakabaev"]
[Black "bylavochka"]
[Result "0-1"]
[WhiteElo "2376"]
[BlackElo "2201"]
[TimeControl "180+1"]
[EndTime "11:04:42 PST"]
[Termination "bylavochka won by resignation"]

1. e4 c5 2. Nf3 d6 3. d4 cxd4 4. Nxd4 Nf6 5. Nc3 g6 6. Be2 Bg7 7. Be3 O-O 8. Qd2 Nc6 9. h4 h5 10. f3 Ne5 11. g4 hxg4 12. f4 Nc6 13. Nxc6 bxc6 14. f5 d5 15. fxg6 fxg6 16. e5 Nh5 17. Bh6 Qc7 18. Bxg7 Kxg7 19. O-O-O Qxe5 20. Rdf1 Be6 0-1

[Event "*** Titled Tuesday Blitz"]
[Site "Chess.com"]
[Date "2021.03.02"]
[Round "6"]
[White "Malev212"]
[Black "Vallek86"]
[Result "1-0"]
[WhiteElo "2569"]
[BlackElo "2370"]
[TimeControl "180+1"]
[EndTime "11:04:45 PST"]
[Termination "Malev212 won by resignation"]

1. e4 c5 2. Nf3 Nc6 3. d4 cxd4 4. Nxd4 Nf6 5. Nc3 d6 6. Bc4 Bd7 7. Bb3 g6 8. h3 Bg7 9. Be3 a5 10.
a4 Nb4 11. O-O O-O 12. Re1 Rc8 13. Qd2 Re8 14. Bh6 Bh8 15. Rad1 Qb6 16. Kh1 Nc6 17.
Ndb5 Ne5 18. Be3 Qd8 19. Qe2 Bc6 20. Bd4 Ned7 21. Nd5 Nxd5 22. exd5 Bxb5 23. Qxb5 Bxd4 24. Rxd4 Nc5 25. Re3 Qd7 26. Qe2 Rc7 27. Bc4 Nxa4 28. Bb5 Qc8 29. Bxa4 Rxc2 30. Bxc2 1-0

[Event "*** Titled Tuesday Blitz"]
[Site "Chess.com"]
[Date "2021.03.02"]
[Round "6"]
[White "SanQui14"]
[Black "Trankuilizer"]
[Result "0-1"]
[WhiteElo "2387"]
[BlackElo "2576"]
[TimeControl "180+1"]
[EndTime "11:04:47 PST"]
[Termination "Trankuilizer won by resignation"]

1. d4 Nf6 2. c4 c5 3. Nf3 cxd4 4. Nxd4 e5 5. Nb5 d5 6. cxd5 Bc5 7. N1c3 O-O 8. e3 Bf5 9. a4 Nbd7 10. Be2 a6 11. Na3 e4 12. O-O Ne5 13. Nc4 Nxc4 14. Bxc4 Bd6 15.
Be2 Qe7 16. f4 exf3 17. gxf3 Bc5 18. d6 Bxd6 19. e4 Bh3 20. Re1 Qe5 21. f4 Bc5+ 22. Kh1 Nxe4 23. fxe5 Nf2+ 24. Kg1 Nxd1+ 25. Kh1 Nf2+ 26. Kg1 Nd3+ 0-1

[Event "*** Titled Tuesday Blitz"]
[Site "Chess.com"]
[Date "2021.03.02"]
[Round "6"]
[White "chescomhuynya"]
[Black "Grineva_Marianna"]
[Result "1-0"]
[WhiteElo "2567"]
[BlackElo "2222"]
[TimeControl "180+1"]
[EndTime "11:04:47 PST"]
[Termination "chescomhuynya won by resignation"]

1. d4 d6 2. e4 c6 3. Nf3 h6 4. Bd3 Nd7 5. O-O g5 6. Re1 Bg7 7. Nc3 Nf8 8. e5 d5 9. Nd2 Ne6 10. Ne2 c5 11. c3 cxd4 12. cxd4 Bd7 13. Nf3 g4 14. Nh4 Ng5 15. Ng3 Rc8 16. Nhf5 Bf8 17.
Qxg4 Ne4 18. Nxe4 dxe4 19. Bxe4 h5 20. Ng7+ Bxg7 21. Qxg7 Be6 22. Qxh8 Kd7 23. d5 Bg4 24. h3 Qa5 25. Be3 Nf6 26. e6+ fxe6 27. dxe6+ Bxe6 28.
Red1+ Nd5 29. Qe5 Rg8 30. Bxd5 1-0

[Event "*** Titled Tuesday Blitz"]
[Site "Chess.com"]
[Date "2021.03.02"]
[Round "6"]
[White "eldur16"]
[Black "GadimbayliA"]
[Result "1-0"]
[WhiteElo "2551"]
[BlackElo "2790"]
[TimeControl "180+1"]
[EndTime "11:04:49 PST"]
[Termination "eldur16 won by resignation"]

1. e4 e5 2. Nc3 Nf6 3. g3 d5 4.
exd5 Nxd5 5. Bg2 Nxc3 6. bxc3 Nc6 7. Ne2 Bc5 8. O-O O-O 9. d3 Bb6 10. Be3 Be6 11. c4 f5 12. Qd2 Rb8 13. Rab1 Ba5 14. Qc1 Qf6 15. Rb5 Bc3 16. Nxc3 f4 17. Ne4 Qg6 18.
Bc5 f3 19. Bh1 Rf5 20. Qe3 b6 21.
Bxf3 Rd8 22. Nd2 1-0

[Event "*** Titled Tuesday Blitz"]
[Site "Chess.com"]
[Date "2021.03.02"]
[Round "6"]
[White "ural58"]
[Black "bakki78"]
[Result "0-1"]
[WhiteElo "2552"]
[BlackElo "2794"]
[TimeControl "180+1"]
[EndTime "11:04:51 PST"]
[Termination "bakki78 won by resignation"]

1. e4 c5 2. b3 b6 3. Bb2 Bb7 4. Qf3 Nc6 5. Bd3 Qc7 6. Nc3 e6 7. O-O-O a6 8. Qg3 O-O-O 9. f4 Nge7 10. Nf3 f6 11. e5 Nb4 12. Be2 Nf5 13. Qf2 d5 14.
exd6 Bxd6 15. g3 Nd4 16. Rhf1 Nbxc2 17. Bc4 Bxf3 18. Bxe6+ Kb8 19. Nd5 Bxd5 20. Bxd5 Nb4 21. Bc4 b5 22. Be2 Rhe8 0-1

[Event "*** Titled Tuesday Blitz"]
[Site "Chess.com"]
[Date "2021.03.02"]
[Round "6"]
[White "GM_LOADING"]
[Black "alexrustemov"]
[Result "0-1"]
[WhiteElo "2525"]
[BlackElo "2719"]
[TimeControl "180+1"]
[EndTime "11:04:52 PST"]
[Termination "alexrustemov won by resignation"]

1. d4 d5 2. Nf3 Nf6 3. c4 c6 4. Nc3 dxc4 5. a4 Bf5 6. e3 e6 7. Bxc4 Bb4 8. O-O O-O 9. Bd2 a5 10. Ne2 Bxd2 11. Qxd2 h6 12. Ng3 Bh7 13. Ne5 Nbd7 14. f4 Ne4 15. Nxe4 Bxe4 16. Rac1 Nf6 17. Nd3 b6 18. Ne5 Rc8 19. Ba6 Rc7 20. Bd3 Qd5 21.
Rc3 c5 22. Rfc1 Rd8 23. Qe2 Bxd3 24. Nxd3 Ne4 25. R3c2 Rb7 26. Rc4 Nd6 27. R4c2 cxd4 28. Ne5 0-1

[Event "*** Titled Tuesday Blitz"]
[Site "Chess.com"]
[Date "2021.03.02"]
[Round "6"]
[White "PowerThinking2650"]
[Black "wannabe2700"]
[Result "0-1"]
[WhiteElo "2460"]
[BlackElo "2712"]
[TimeControl "180+1"]
[EndTime "11:04:53 PST"]
[Termination "wannabe2700 won by resignation"]

1. e4 d5 2. exd5 Qxd5 3. Nc3 Qe5+ 4. Be2 Bg4 5. h3 Bxe2 6. Ngxe2 Nc6 7. d4 Qa5 8. d5 O-O-O 9. O-O Nf6 10. Nf4 e6 11. a3 exd5 12. Bd2 d4 13. Ncd5 Qc5 14. Nxf6 gxf6 15. b4 Qf5 16. b5 Ne5 17. a4 Rg8 18. Kh1 Bd6 19. Nd5 Rxg2 20. Ne7+ Bxe7 21.
Kxg2 Rg8+ 0-1

[Event "*** Titled Tuesday Blitz"]
[Site "Chess.com"]
[Date "2021.03.02"]
[Round "6"]
[White "Kale36"]
[Black "BanjoKazooieN64"]
[Result "0-1"]
[WhiteElo "2286"]
[BlackElo "2533"]
[TimeControl "180+1"]
[EndTime "11:04:54 PST"]
[Termination "BanjoKazooieN64 won by resignation"]

1. b3 b6 2. Bb2 Bb7 3. Nc3 Nc6 4. e4 e5 5. f4 f5 6. exf5 Nf6 7. Qe2 Bd6 8. Nf3 O-O 9. O-O-O exf4 10. Qc4+ Kh8 11.
Ng5 Ne5 12. Qxf4 Nd3+ 13. Bxd3 Bxf4 14. Nh3 Be5 15. Rhe1 d6 16. Be2 Bxg2 17. d4 Bxh2 18. Bf1 Bxf1 19. Rxf1 d5 20. Ng5 Qd7 21. Ne2 Rae8 22.
Nf4 Qxf5 23. Nfe6 Qg6 24. Rh1 Bf4+ 25. Kb1 Bxg5 0-1

[Event "*** Titled Tuesday Blitz"]
[Site "Chess.com"]
[Date "2021.03.02"]
[Round "6"]
[White "pastouche06"]
[Black "MirMan90"]
[Result "0-1"]
[WhiteElo "2547"]
[BlackElo "2743"]
[TimeControl "180+1"]
[EndTime "11:05:03 PST"]
[Termination "MirMan90 won by resignation"]

1. d4 g6 2. c4 Nh6 3. h4 Bg7 4. h5 d5 5. hxg6 hxg6 6. cxd5 Qxd5 7. Nc3 Qa5 8. e4 c6 9. f3 Qb6 10. Nge2 Nd7 11. Be3 Qxb2 12. Rb1 Qa3 13. Qd2 Ng8 14. Rxh8 Bxh8 15. d5 Ngf6 16. dxc6 bxc6 17. Nd4 Ne5 18. Rb3 Qd6 19. f4 Nfg4 20. fxe5 Bxe5 21. Nf3 Bg3+ 22. Ke2 Ba6+ 0-1

[Event "*** Titled Tuesday Blitz"]
[Site "Chess.com"]
[Date "2021.03.02"]
[Round "6"]
[White "InitiatingASC"]
[Black "kidagent"]
[Result "1-0"]
[WhiteElo "2445"]
[BlackElo "2315"]
[TimeControl "180+1"]
[EndTime "11:05:03 PST"]
[Termination "InitiatingASC won by resignation"]

1. d4 d5 2. c4 c6 3. Nf3 Nf6 4. g3 g6 5. Bg2 Bg7 6. O-O O-O 7. b3 Bf5 8. Bb2 Nbd7 9. Ne5 Rc8 10. Nd2 Nxe5 11.
dxe5 Ne4 12. Nxe4 Bxe4 13. Bxe4 dxe4 14. Qc2 e3 15. fxe3 e6 16. Rad1 Qg5 17. Qe4 Rfd8 18. Rd4 c5 19. Rd3 b6 20. Qf4 Qe7 21. Rfd1 Kf8 22. Rd6 Ke8 23. R1d2 Qb7 24. Qh4 Qe7 25. Qxh7 Qf8 26. h4 Rxd6 27. exd6 Bxb2 28. d7+ 1-0

[Event "*** Titled Tuesday Blitz"]
[Site "Chess.com"]
[Date "2021.03.02"]
[Round "6"]
[White "Mikedannnn"]
[Black "AlexTriapishko"]
[Result "0-1"]
[WhiteElo "2571"]
[BlackElo "2801"]
[TimeControl "180+1"]
[EndTime "11:05:05 PST"]
[Termination "AlexTriapishko won by resignation"]

1. e4 c5 2. Nf3 Nc6 3. Bb5 g6 4. O-O Bg7 5. Nc3 Nf6 6. e5 Ng4 7. Bxc6 dxc6 8. Re1 O-O 9. d3 b6 10. Bf4 f6 11. h3 Nh6 12. Ne4 Nf5 13. c3 Kh8 14. d4 cxd4 15. cxd4 c5 16. d5 Bb7 17.
Nc3 Qd7 18. Qd2 b5 19. g4 b4 20. gxf5 bxc3 21. bxc3 Qxf5 22. e6 Qxd5 23. Qxd5 Bxd5 24.
Rad1 Bxf3 0-1